 Dungeon Crawl Stone Soup version 0.32-a0-834-geaf45d8e21 (webtiles) character file.

Game seed: 397903391054791791

637 smashvw the Fighter (level 7, -6/64 HPs)
             Began as a Formicid Hunter on Mar 25, 2024.
             Was an Elder of Fedhas.
             Mangled by a bullfrog (8 damage)
             ... in a sewer.
             The game lasted 00:08:07 (2943 turns).

smashvw the Fighter (Formicid Hunter)               Turns: 2943, Time: 00:08:07

Health: -6/64      AC:  3    Str: 15    XL:     7   Next: 79%
Magic:  7/7        EV: 11    Int:  9    God:    Fedhas [****..]
Gold:   224        SH:  0    Dex: 19    Spells: 6/6 levels left

rFire   . . .        a - +0 shortbow
rCold   . . .        (no shield)
rNeg    . . .        c - +0 leather armour
rPois   .            (helmet unavailable)
rElec   .            (no cloak)
rCorr   .            (no gloves)
SInv    +            (no boots)
Will    .....        (no amulet)
Stlth   ++           (no ring)
HPRegen 0.30/turn    (no ring)
MPRegen 0.10/turn

%: no passive effects
@: mighty, lethally poisoned (-6 -> -7)
A: permanent stasis, dig shafts and tunnels, antennae 3, four strong arms
a: Dig, Renounce Religion, Wall of Briars, Grow Ballistomycete, Overgrow


You were in a sewer.
You worshipped Fedhas.
Fedhas was greatly pleased with you.
You visited 1 branch of the dungeon, and saw 4 of its levels.
You also visited: Sewer.

You collected 224 gold pieces.

Inventory:

Hand Weapons
 a - a +0 shortbow (weapon)
Armour
 c - a +0 leather armour (worn)
Jewellery
 n - a ring of protection from cold
Wands
 b - a wand of flame (16)
Scrolls
 d - a scroll of summoning {unknown}
 e - 3 scrolls of revelation {unknown}
 g - 2 scrolls of enchant armour {unknown}
 h - a scroll of amnesia {unknown}
 i - 3 scrolls of teleportation
 k - 2 scrolls of blinking {unknown}
 l - a scroll of identify {unknown}
 p - a scroll of noise {unknown}
Potions
 f - a potion of haste {unknown}
 j - a potion of might
 m - a potion of attraction {unknown}
 o - a potion of invisibility {unknown}
 q - 2 potions of heal wounds {unknown}


   Skills:
 + Level 9.0 Fighting
 - Level 4.0 Ranged Weapons
 - Level 1.7 Dodging
 - Level 1.2 Stealth


You had 6 spell levels left.
You didn't know any spells.
Your spell library contained the following spells:

 Spells                   Type           Power      Damage    Failure   Level
 Apportation              Tloc           0%         N/A       45%         1
 Magic Dart               Conj           0%         1d3       45%         1
 Necrotise                Necr           0%         1d4       45%         1
 Sting                    Conj/Alch      0%         1d3       45%         1
 Summon Small Mammal      Summ           0%         N/A       45%         1
 Searing Ray              Conj           0%         2d4       58%         2
 Fulminant Prism          Conj/Alch      0%         3d5       99%         4


Dungeon Overview and Level Annotations

Branches:
Dungeon (4/15)              Sewer (1/1)
 Temple: D:4-7

Altars:
Fedhas
Nemelex Xobeh


Innate Abilities, Weirdness & Mutations

You cannot be hasted, slowed, berserked, paralysed or teleported.
You can dig through walls and to a lower floor.
You have a pair of large antennae on your head. (SInv)
Your four strong arms can wield two-handed weapons with a shield.


Message History

Fedhas appreciates your contribution to the ecosystem.
You feel sick.
You are no longer poisoned.
The bullfrog hits you. x2; The adder bites you but does no damage.
You shoot an arrow.
The arrow hits the adder but does no damage.
The adder is moderately wounded.
The bullfrog hits you. x2; The adder bites you.
The bullfrog swells and bulges.
The bullfrog closely misses you. The bullfrog hits you. The adder bites you.
You are too injured to fight recklessly!
You are too injured to fight recklessly!
You are too injured to fight recklessly!
You shoot an arrow. The arrow hits the adder!
The adder is almost dead.
The bullfrog hits you! The bullfrog hits you. The adder bites you.
You are poisoned.
The adder poisons you!
The bullfrog hits you but does no damage.
The bullfrog hits you.
* * * LOW HITPOINT WARNING * * *
You feel very mighty all of a sudden.
You feel sick. The bullfrog hits you.
* * * LOW HITPOINT WARNING * * *
The bullfrog hits you.
* * * LOW HITPOINT WARNING * * *
The adder bites you but does no damage. The bullfrog barely misses you.
The bullfrog snags a nearby moth with its tongue.
The bullfrog closely misses you. The adder barely misses you.
You shoot an arrow. The arrow barely misses the adder.
You feel sick. The bullfrog closely misses you. The bullfrog hits you.
* * * LOW HITPOINT WARNING * * *
The adder bites you.
* * * LOW HITPOINT WARNING * * *
As you read the scroll labelled SABADUR KABA, it crumbles to dust.
You feel a strange sense of stasis.
It was a scroll of teleportation.
* * * LOW HITPOINT WARNING * * *
You feel sick. The bullfrog closely misses you. The bullfrog hits you!
You die...
Fedhas appreciates your contribution to the ecosystem.

#..'..†.# #..#....#
####†..##
##################†...#
.#~~≈≈≈≈≈≈≈≈≈≈≈≈≈#.....#
.~~~~~~≈≈≈≈≈~~~≈≈.....##
.~#~~~≈~≈≈~~≈~~~~~....#
..~~~~~F≈≈#~~~≈~≈~....#
.~~≈≈≈≈S@.~≈≈~≈≈≈~...##
.#~≈≈≈~F~≈≈~≈≈≈~≈#.###
###################


You could see 2 bullfrogs and an adder.

Vanquished Creatures
  Sigmund (D:3)
  An ogre (D:4)
  A phantom (D:4)
  An orc priest (D:3)
  Ijyb (D:3)
  An orc wizard (D:3)
  6 adders
  7 river rats
  A ribbon worm (D:2)
  7 orcs
  16 ball pythons
  4 endoplasms
  A giant cockroach (D:3)
  12 goblins
  7 hobgoblins
  7 jackals
  7 kobolds
  3 quokkas
  3 bats
  5 frilled lizards
  30 rats
122 creatures vanquished.

Notes
Turn   | Place    | Note
-------+----------+-------------------------------------------
     0 | D:1      | smashvw the Formicid Hunter began the quest for the Orb.
     0 | D:1      | Reached XP level 1. HP: 16/16 MP: 1/1
    17 | D:1      | Found a faded altar of an unknown god.
    34 | D:1      | Prayed at the altar of an unknown god.
    34 | D:1      | Became a worshipper of Fedhas Madash
    34 | D:1      | Reached * piety under Fedhas
   139 | D:1      | Reached XP level 2. HP: 23/23 MP: 2/2
   146 | D:1      | Reached skill level 3 in Fighting
   306 | D:1      | Reached XP level 3. HP: 29/29 MP: 3/3
   334 | D:1      | Reached ** piety under Fedhas
   443 | D:1      | Reached skill level 4 in Fighting
   577 | D:2      | Reached XP level 4. HP: 38/38 MP: 4/4
   889 | D:2      | Identified the +8 whip "Zaym" {elec, rElec}
  1018 | D:2      | Reached skill level 5 in Fighting
  1178 | D:3      | Reached XP level 5. HP: 44/44 MP: 5/5
  1251 | D:3      | Noticed Ijyb
  1288 | D:2      | Reached skill level 6 in Fighting
  1460 | D:3      | Killed Ijyb
  1576 | D:3      | Noticed Sigmund
  1587 | D:3      | Killed Sigmund
  1588 | D:3      | Reached skill level 7 in Fighting
  1588 | D:3      | Reached XP level 6. HP: 43/55 MP: 6/6
  1752 | D:3      | Reached *** piety under Fedhas
  1825 | D:3      | Found a sparkling altar of Nemelex Xobeh.
  2141 | D:4      | Noticed an ogre
  2151 | D:4      | Killed an ogre
  2152 | D:4      | Reached skill level 8 in Fighting
  2152 | D:4      | Reached XP level 7. HP: 25/62 MP: 7/7
  2334 | D:4      | Found a glowing drain.
  2358 | Sewer    | Entered a sewer
  2697 | Sewer    | Reached **** piety under Fedhas
  2934 | Sewer    | Reached skill level 9 in Fighting
  2942 | Sewer    | HP: 2/64 [adder (2)]
  2943 | Sewer    | Mangled by a bullfrog

Illustrated notes

Levels and vault maps discovered:
D:1:      lemuel_arrival_broad_hall, layout_basic,
          shapermc_ecumenical_altar_venn, chequers_jeans, minmay_misc_feat_iff
D:2:      layout_rooms
D:3:      cheibrodos_helix_gallery, layout_basic, mainiacjoe_overflow_24_doors,
          supply_closet_lemuel, uniq_sigmund, uniq_ijyb
D:4:      layout_gridville, portal_sewer_entry_b, kennysheep_donut, uniq_grinder
Sewer:    sewer_minmay_w

Skill      XL: |  1  2  3  4  5  6  7 |
---------------+----------------------+-----
Fighting       | 3 4 5 7 8 9 |  9.0
Ranged Weapons | |  4.0
Dodging        | |  1.7
Stealth        | |  1.2

Action                     |  1- 3 |  4- 6 |  7- 9 || total
---------------------------+-------+-------+-------++-------
   Fire: Shortbow          |    87 |   161 |   148 ||   396
Ability: Dig               |       |     1 |       ||     1
    Use: Scroll            |       |     1 |     1 ||     2
         Potion            |       |       |     5 ||     5
 Armour: Leather armour    |    23 |    58 |   103 ||   184
  Dodge: Dodged            |    30 |    37 |    74 ||   141

Table legend: (Time is in decaauts)
 A = Elapsed time spent in this place.
 B = Non-inter-level travel time spent in this place.
 C = Inter-level travel time spent in this place.
 D = Time resting spent in this place.
 E = Time spent auto-exploring this place.
 F = Levels seen in this place.
 G = Mean time per level.
                   A        B        C        D        E       F      G
               +--------+--------+--------+--------+--------+-----+--------+
         Total |   3078 |   3030 |     48 |    250 |   2005 |   5 |  615.6 |
       Dungeon |   2429 |   2381 |     48 |    250 |   1550 |   4 |  607.2 |
         Sewer |    648 |    648 |      0 |      0 |    455 |   1 |  648.0 |
               +--------+--------+--------+--------+--------+-----+--------+

Top non-repeatable levels by time:
     D:3: 859 daAuts
     D:2: 766 daAuts
   Sewer: 648 daAuts
     D:1: 532 daAuts
     D:4: 271 daAuts
